 Dungeon Crawl Stone Soup version 0.30-a0-996-ga6910c8ee8 (webtiles) character file.

Game seed: 11069288419084295304

138 xian the Chopper (level 5, -3/75 HPs)
             Began as a Naga Berserker on Apr 4, 2023.
             Was a Believer of Trog.
             Slain by a gnoll
             ... wielding a +2 flail of protection
              (8 damage)
             ... on level 3 of the Dungeon.
             The game lasted 00:05:12 (2219 turns).

xian the Chopper (Naga Berserker)                   Turns: 2219, Time: 00:05:12

Health: -3/75      AC:  6    Str: 21    XL:     5   Next: 21%
Magic:  5/5        EV:  6    Int:  8    God:    Trog [**....]
Gold:   97         SH:  0    Dex: 10    Spells: 4/4 levels left

rFire   . . .      SeeInvis +    a - +0 hand axe
rCold   . . .      Faith    .    (no shield)
rNeg    . . .      Spirit   .    l - +0 chain mail
rPois   +          Reflect  .    (no helmet)
rElec   .          Rampage  .    (no cloak)
rCorr   .                        (no gloves)
Will    .....                    (no barding) Stlth
                                 (no amulet)
HPRegen 0.32/turn                c - ring of flight
MPRegen 0.09/turn                (no ring)

@: berserking, flying, quick
A: AC +1, large, see invisible, deformed body, poison resistance, slowness 2,
spit poison 1, naga tail 1
a: Spit Poison, Renounce Religion, Berserk, Trog's Hand


You were on level 3 of the Dungeon.
You worshipped Trog.
Trog was pleased with you.
You visited 1 branch of the dungeon, and saw 3 of its levels.

You collected 97 gold pieces.

Inventory:

Hand Weapons
 a - a +0 hand axe (weapon)
Missiles
 g - 4 poisoned darts
Armour
 l - a +0 chain mail (worn)
Jewellery
 c - a ring of flight (left hand)
Wands
 p - a wand of acid (10)
Scrolls
 b - 2 scrolls of enchant weapon {unknown}
 d - 3 scrolls of teleportation {unknown}
 e - a scroll of butterflies {unknown}
 f - a scroll of blinking {unknown}
 k - 2 scrolls of fear {unknown}
 n - 2 scrolls of identify {unknown}
 o - a scroll of brand weapon {unknown}
 r - 2 scrolls of amnesia {unknown}
 s - a scroll of immolation {unknown}
 t - a scroll of vulnerability {unknown}
Potions
 h - 2 potions of curing {unknown}
 i - 3 potions of attraction {unknown}
 j - a potion of invisibility {unknown}
 m - a potion of heal wounds {unknown}
 q - 2 potions of flight {unknown}
 u - a potion of mutation {unknown}


   Skills:
 + Level 3.9 Fighting
 + Level 4.3 Axes
 + Level 2.3 Armour
 + Level 2.0 Dodging
 + Level 0.5 Stealth


You had 4 spell levels left.
You didn't know any spells.
Your spell library was empty.

Dungeon Overview and Level Annotations

Branches:
Dungeon (3/15)

Altars:
Uskayaw

Shops:
D:3 ?

Annotations:
D:3 1 transporter, grumposus's ghost, amateur OpTm


Innate Abilities, Weirdness & Mutations

Your serpentine skin is tough. (AC +1)
You have supernaturally acute eyesight. (SInv)
Armour fits poorly on your strangely shaped body.
Your system is resistant to poisons. (rPois)
You cover ground very slowly.
You can spit poison.
You have a snake-like lower body.


Message History

There is a stone staircase leading up here.
Found a transporter.
Grumposus's ghost assumes a wrestling stance.
Grumposus's ghost stares at you.
You hear the slow rusting of a very distant drain.
You feel yourself speed up.
You now have 77 gold pieces (gained 11).
You see here 3 stones.
b - 2 scrolls labelled GANITY ETTAQAY (gained 1)
You see here 3 stones.
You recover from your berserk rage.
You now have 88 gold pieces (gained 11).
Found a stone staircase leading up.
You now have 97 gold pieces (gained 9).
r - 2 scrolls labelled OMEVEKHLIWUGG (gained 1)
n - 2 scrolls labelled VIPHEA SUSE (gained 1)
You hear the slow rusting of a drain very nearby.
There is a stone staircase leading up here.
A gnoll comes into view. It is wielding a +0 halberd.
Found Quklum's Magic Scroll Shop.
The gnoll moves out of view.
A gnoll comes into view.
It is wielding a +2 flail of protection.
The gnoll shouts!
The gnoll hits you from afar with a +0 halberd.
The gnoll hits you from afar with a +0 halberd.
The gnoll hits you with a +0 halberd!
A gnoll comes into view. It is wielding a +0 flail.
The gnoll hits you with a +0 halberd!
You barely miss the gnoll.
The gnoll shouts!
A red film seems to cover your vision as you go berserk!
You feel yourself moving faster!
You feel mighty!
The gnoll hits you from afar with a +0 halberd!
* * * LOW HITPOINT WARNING * * *
You barely miss the gnoll. The gnoll closely misses you.
The gnoll hits you with a +2 flail of protection!
* * * LOW HITPOINT WARNING * * *
You completely miss the gnoll. You closely miss the gnoll.
The gnoll hits you with a +2 flail of protection!
You die...

##...##...........
###.....###..###(
##<...#....# #.
#..##.....## #.
#.###.......#..
.###
#.##..###.#....
.... #....##
#.#.##.
#g∩####.####
#...##. #gg@.#.#
#..# #. ####...#
#..# #. ##..# #..#
#.... #.#### ..#
..# ##..


You could see 3 gnolls.

Vanquished Creatures
  An orc priest (D:3)
  5 adders (D:2)
  A worm (D:2)
  4 orcs (D:3)
  2 bats
  9 endoplasms
  2 giant cockroaches (D:1)
  7 goblins
  3 hobgoblins
  4 jackals (D:1)
  3 quokkas
  5 ball pythons
  2 frilled lizards
  6 rats
54 creatures vanquished.

Notes
Turn   | Place    | Note
-------+----------+-------------------------------------------
     0 | D:1      | xian the Naga Berserker began the quest for the Orb.
     0 | D:1      | Reached XP level 1. HP: 21/21 MP: 1/1
   112 | D:1      | Reached XP level 2. HP: 10/28 MP: 2/2
   693 | D:1      | Reached XP level 3. HP: 34/34 MP: 3/3
  1225 | D:2      | Reached ** piety under Trog
  1301 | D:2      | Found a hide-covered altar of Uskayaw.
  1508 | D:2      | Reached XP level 4. HP: 40/43 MP: 4/4
  1722 | D:2      | Reached skill level 4 in Axes
  2111 | D:3      | Noticed grumposus's ghost (amateur OpTm)
  2115 | D:3      | Noticed an ogre
  2124 | D:3      | Reached XP level 5. HP: 50/50 MP: 5/5
  2131 | D:3      | Noticed an ogre
  2143 | D:3      | Found a transporter.
  2210 | D:3      | Found Quklum's Magic Scroll Shop.
  2219 | D:3      | Slain by a gnoll

Illustrated notes

Levels and vault maps discovered:
D:1:      minmay_arrival_four_loops, layout_basic
D:2:      minmay_door_path, layout_loops_ring, basic_altar, corexii_shack,
          serial_park_tiny_pond, minmay_puff
D:3:      layout_rooms, serial_shops, shop, lightli_sewer_entry_pipes,
          gammafunk_ghost_smash

Skill      XL: |  1  2  3  4 |
---------------+-------------+-----
Armour         | 2 |  2.3
Axes           | 4 |  4.3
Dodging        | 2 |  2.0
Fighting       | |  3.9
Stealth        | |  0.5

Action                     |  1- 3 |  4- 6 || total
---------------------------+-------+-------++-------
  Melee: Hand axe          |    72 |    44 ||   116
 Invoke: Berserk           |       |     2 ||     2
Ability: Spit Poison       |     6 |     7 ||    13
 Armour: Animal skin       |     6 |       ||     6
         Chain mail        |    28 |    25 ||    53
  Dodge: Dodged            |    45 |     6 ||    51

Table legend: (Time is in decaauts)
 A = Elapsed time spent in this place.
 B = Non-inter-level travel time spent in this place.
 C = Inter-level travel time spent in this place.
 D = Time resting spent in this place.
 E = Time spent auto-exploring this place.
 F = Levels seen in this place.
 G = Mean time per level.
                   A        B        C        D        E       F      G
               +--------+--------+--------+--------+--------+-----+--------+
         Total |   2943 |   2871 |     72 |      0 |   2216 |   3 |  981.0 |
       Dungeon |   2943 |   2871 |     72 |      0 |   2216 |   3 |  981.0 |
               +--------+--------+--------+--------+--------+-----+--------+

Top non-repeatable levels by time:
     D:1: 1430 daAuts
     D:2: 1363 daAuts
     D:3: 150 daAuts
